 Dungeon Crawl Stone Soup version 0.27.1-2-g3b301248ec (webtiles) character file.

Game seed: 14012593915976923743

131456 nxtlvl the Blocker (level 17, -7/128 HPs)
             Began as a Formicid Fire Elementalist on Sept 23, 2021.
             Was an Elder of Cheibriados.
             Killed from afar by Frances (26 damage)
             ... with a shard of ice
             ... on level 13 of the Dungeon.
             The game lasted 04:14:49 (11612 turns).

nxtlvl the Blocker (Formicid Fire Elementalist)    Turns: 11612, Time: 04:14:50

Health: -7/128     AC: 20    Str: 23    XL:     17   Next: 31%
Magic:  4/30       EV: 10    Int: 38    God:    Cheibriados [****..]
Gold:   1344       SH: 23    Dex: 21    Spells: 11/35 levels left

rFire    + + .     SeeInvis +   a - +9 great mace (freeze)
rCold    . . .     Faith    .   g - +2 tower shield {rF+}
rNeg     . . .     Spirit   .   c - +2 chain mail {rF+}
rPois    +         Reflect  .   (helmet unavailable)
rElec    .         Harm     .   f - +0 cloak
rCorr    .         Rampage  .   d - +1 pair of gloves {archery}
Will     +....                  e - +0 pair of boots
Stlth    ..........             z - amulet of magic regeneration
HPRegen  0.31/turn              p - ring of poison resistance
MPRegen  0.47/turn              o - +6 ring of intelligence

@: studying Armour, very slow
A: permanent stasis, dig shafts and tunnels, antennae 3, four strong arms
}: 1/15 runes: gossamer
a: Dig, Shaft Self, Renounce Religion, Bend Time, Temporal Distortion, Slouch


You were on level 13 of the Dungeon.
You worshipped Cheibriados.
Cheibriados was greatly pleased with you.
You visited 4 branches of the dungeon, and saw 25 of its levels.
You also visited: Ice Cave.

You collected 1784 gold pieces.
You spent 440 gold pieces at shops.

Inventory:

Hand Weapons
 a - a +9 great mace of freezing (weapon)
 w - a +0 hand crossbow
Missiles
 j - a curare-tipped dart
 y - 77 bolts
 Q - 2 throwing nets
Armour
 c - a +2 chain mail of fire resistance (worn)
 d - a +1 pair of gloves of archery (worn)
 e - a +0 pair of boots (worn)
 f - a +0 cloak (worn)
 g - a +2 tower shield of fire resistance (worn)
 i - a +0 chain mail of cold resistance
 G - a +1 kite shield of cold resistance
 H - +0 acid dragon scales
Magical Staves
 b - a staff of fire
 u - a staff of cold
Jewellery
 k - the ring "Yfiuw" {rC+ rN+ Str+4 Dex-3}
   (You found it on level 8 of the Dungeon)

   [ring of protection from cold]

   Str:       It affects your strength (+4).
   Dex:       It affects your dexterity (-3).
   rC:        It protects you from cold.
   rN:        It protects you from negative energy.
 l - a ring of flight
 o - a +6 ring of intelligence (right hand)
 p - a ring of poison resistance (left hand)
 z - an amulet of magic regeneration (around neck)
 L - the ring of Lyteec {*Slow Fly rElec rCorr Dex+4}
   (You took it off a gnoll sergeant on level 7 of the Dungeon)

   [ring of flight]

   Dex:       It affects your dexterity (+4).
   rElec:     It insulates you from electricity.
   Fly:       It grants you flight.
   rCorr:     It protects you from acid and corrosion.
   *Slow:     It may slow you when you take damage.
 P - a ring of positive energy
Wands
 v - a wand of polymorph (16)
 x - a wand of flame (72)
 A - a wand of digging (8)
 D - a wand of paralysis (6)
 O - a wand of charming (12)
 S - a wand of acid (1)
 T - a wand of iceblast (26)
 Y - a wand of mindburst (32)
Scrolls
 m - 8 scrolls of fog
 B - a scroll of silence {unknown}
 C - a scroll of brand weapon
 E - a scroll of amnesia {unknown}
 I - 7 scrolls of enchant armour
 U - 3 scrolls of holy word {unknown}
 V - a scroll of fear {unknown}
 Z - a scroll of vulnerability
Potions
 h - a potion of berserk rage {unknown}
 q - 7 potions of curing
 r - 3 potions of degeneration {unknown}
 t - 5 potions of lignification
 F - a potion of attraction
 J - a potion of cancellation {unknown}
 K - 3 potions of ambrosia
 M - a potion of resistance
 N - a potion of brilliance
 W - a potion of might
 X - 2 potions of flight
Miscellaneous
 R - a lightning rod (4/4)


   Skills:
 + Level 10.1 Fighting
 * Level 12.6 Maces & Flails
 + Level 12.2 Armour
 + Level 3.8 Dodging
 - Level 2.4 Stealth
 * Level 14.3 Shields
 + Level 9.6 Spellcasting
 - Level 10.0 Conjurations
 + Level 3.8 Necromancy
 - Level 2.0 Transmutations
 + Level 13.5 Fire Magic
 - Level 6.0 Invocations


You had 11 spell levels left.
You knew the following spells:

 Your Spells              Type           Power      Damage    Failure   Level
a - Wereblood             Tmut           33%        N/A       9%          2
c - Searing Ray           Conj           100%       3d7       1%          2
q - Sublimation of Blood  Necr           23%        N/A       4%          2
w - Apportation           Tloc           36%        N/A       13%         1
x - Sticky Flame          Conj/Fire      82%        2d9       1%          4
z - Foxfire               Conj/Fire      100%       2x1d9     1%          1
C - Fireball              Conj/Fire      41%        3d17      2%          5
Q - Inner Flame           Hex/Fire       63%        N/A       2%          3
X - Conjure Flame         Conj/Fire      82%        6-21      1%          3
Z - Magic Dart            Conj           100%       1d8       1%          1

Your spell library contained the following spells:

 Spells                   Type           Power      Damage    Failure   Level
 Dazzling Flash           Conj/Hex       100%       N/A       4%          3
 Beastly Appendage        Tmut           66%        N/A       5%          1
 Iskenderun's Battlesphe  Conj           76%        2d12      6%          5
 Corona                   Hex            20%        N/A       13%         1
 Summon Small Mammal      Summ           72%        N/A       13%         1
 Fulminant Prism          Conj/Hex       27%        3d14      16%         4
 Hailstorm                Conj/Ice       54%        3d12      16%         4
 Iskenderun's Mystic Bla  Conj/Tloc      54%        2d12      16%         4
 Spider Form              Tmut/Pois      12%        N/A       26%         3
 Irradiate                Conj/Tmut      29%        3d23      30%         5
 Call Canine Familiar     Summ           18%        N/A       36%         3
 Ozocubu's Armour         Ice            18%        N/A       36%         3
 Portal Projectile        Hex/Tloc       36%        N/A       36%         3
 Summon Guardian Golem    Hex/Summ       18%        N/A       36%         3
 Petrify                  Tmut/Erth      25%        N/A       63%         4
 Leda's Liquefaction      Hex/Erth       9%         N/A       77%         4
 Iron Shot                Conj/Erth      27%        9d6       94%         6
 Ignition                 Fire           44%        3d13      97%         8
 Metabolic Englaciation   Hex/Ice        9%         N/A       98%         5
 Silence                  Hex/Air        9%         N/A       98%         5
 Invisibility             Hex            9%         N/A       100%        6
 Simulacrum               Ice/Necr       16%        N/A       100%        6
 Spellforged Servitor     Conj/Summ      27%        N/A       100%        7
 Chain Lightning          Conj/Air       27%        3d36      100%        9
 Blink                    Tloc           Unusable   N/A       N/A         2

Dungeon Overview and Level Annotations

Branches:
Dungeon (13/15)            Temple (0/1) D:4            Lair (6/6) D:11
 Shoals (0/4) Lair:2       Spider (4/4) Lair:4        Slime (0/5) Lair:6
    Orc (2/2) D:10            Elf (0/3) Orc:2         IceCv (visited)
 Vaults: D:13-14

Altars:
Cheibriados
Dithmenos
Fedhas
Gozag
Kikubaaqudgha
Makhleb
Nemelex Xobeh
Qazlal
Trog
Zin
The Shining One
Beogh

Shops:
D:4 ?   D:12 ?   Orc:2 **(:

Portals:
Pandemonium: Orc:2

Annotations:
D:8 exclusion: orange crystal statue
D:13 Frances
Lair:6 exclusion: oklob plant


Innate Abilities, Weirdness & Mutations

You cannot be hasted, slowed, berserked, paralysed or teleported.
You can dig through walls and to a lower floor.
You have a pair of large antennae on your head. (SInv)
Your four strong arms can wield two-handed weapons with a shield.


Message History

Frances burns!
The centaur warrior burns!
Frances hits you with a +3 short sword of electrocution.
You completely miss Frances.
Frances is heavily wounded.
Frances burns!
The centaur warrior burns!
You block the centaur warrior's attack.
The centaur warrior kicks you but does no damage.
Frances screams a word of power!
You block the centaur warrior's attack.
The centaur warrior kicks you but does no damage.
Frances whispers indecipherable words.
The iron shot hits you!!
You barely miss Frances.
Frances is severely wounded.
Frances burns!
The centaur warrior burns!
You block the centaur warrior's attack. The centaur warrior closely misses you.
You block Frances's attack. You block the centaur warrior's attack.
The centaur warrior barely misses you.
Unknown command.
You barely miss Frances.
Frances is severely wounded.
Frances burns!
The centaur warrior burns!
The centaur warrior stops burning.
You block Frances's attack.
You block the centaur warrior's attack. x2
Frances whispers indecipherable words.
The iron shot hits you!!!
* * * LOW HITPOINT WARNING * * *
The ice devil closely misses you.
Okay, then.
Okay, then.
Okay, then.
Your chain mail prevents you from hitting Frances.
Frances is severely wounded.
Frances burns!
Frances screams a word of power!
The shard of ice misses you. You block the centaur warrior's attack.
The centaur warrior kicks you but does no damage.
You block the ice devil's attack.
You block the centaur warrior's attack. x2
Frances mutters in a terrible tongue.
The shard of ice hits you!!
You die...

,*##........#.#....#,,,,,*
**#...<..........#***,,,,*
*.............c## *,,,,.*
***,..#..<))....# **,,.#*
*,**.*##...)....### *,..*
,,,,,,*##.>.......###.##**
,,,,,,,..##..#.........#.***
,,,,,.......#####c........,*
,,,..........**#@4........**
,,,...........,#@##†....##*
,,,........#...#4.,.....#*
,,,....,,,**........#....#*
*,,,,,,,,,,,**....###.<...*
*,,,,,,,,,,,,..##..*,....#*
*,,,,,,,,,,,..#,,.#,,,,.#*
,,,,,,,,,,,...**,..,,,***
,,,,,,,,,,,,,****,,,,,,*


You could see Frances (fast, burning), a centaur warrior and 2 ice devils.

Vanquished Creatures
  Gastronok (Orc:1)
  A sphinx (D:11)
  3 ghost moths (Spider:4)
  6 emperor scorpions
  2 spark wasps (Spider:4)
  Nessos (Lair:6)
  A catoblepas (Lair:6)
  4 hydras
  2 boulder beetles
  Harold (D:11)
  2 centaur warriors
  3 two-headed ogres
  A death yak (Lair:6)
  7 orc high priests (Orc:2)
  The ghost of Icepheonix32 the Chopper, a novice DsFi of Okawaru (D:7)
  2 infernal demonspawn (Orc:2)
  Pikel (D:5)
  7 orc knights
  A deep elf pyromancer (D:12)
  An ugly thing (IceCv)
  17 orb spiders
  5 orc sorcerers (Orc:2)
  21 wolf spiders
  3 cyclopes
  3 moths of wrath
  A centaur zombie (D:10)
  A merfolk siren (Lair:2)
  A guardian serpent (Lair:6)
  2 rust devils (Orc:2)
  4 black mambas
  A torpor snail (Spider:3)
  15 elephants
  13 cane toads
  An orange demon (Orc:2)
  An unseen horror (D:12)
  A rime drake (Lair:5)
  5 komodo dragons
  9 demonic crawlers
  An ice devil (Orc:2)
  3 kobold demonologists
  35 jumping spiders
  3 trolls
  6 hornets
  2 polar bears
  3 blink frogs (Lair:5)
  Grinder (D:3)
  12 wyverns
  2 water elementals (D:12)
  2 wraiths
  A ynoxinul (Orc:2)
  2 shadows
  25 tarantellas
  62 redbacks
  14 yaks
  A vampire (D:12)
  4 basilisks
  4 vampire mosquitoes (D:10)
  2 death yak simulacra (IceCv)
  Grum (D:7)
  2 steam dragons
  3 wargs
  Menkaure (D:7)
  An acid dragon (D:11)
  26 water moccasins
  Duvessa (D:7)
  2 ice beasts (D:7)
  29 orc warriors
  6 black bears
  4 ogres
  2 necrophages (D:6)
  9 centaurs
  18 wolves
  2 lemures (D:5)
  4 kobold brigands
  9 bullfrogs
  5 gnoll sergeants
  2 scorpions
  Dowan (D:7)
  A water moccasin zombie (D:5)
  12 wights
  4 howler monkeys
  12 electric eels
  A bullfrog zombie (D:6)
  21 orc priests
  3 hounds
  2 gnoll shamans
  A bullfrog skeleton (D:4)
  4 iguanas
  14 orc wizards
  A polar bear simulacrum (IceCv)
  19 gnolls
  6 adders
  A howler monkey skeleton (D:6)
  A shadow imp (D:6)
  A white imp (D:5)
  An ufetubus (D:4)
  A worm (D:3)
  2 dart slugs
  56 orcs
  2 ball pythons (D:2)
  5 endoplasms
  3 giant cockroaches
  10 goblins
  4 hobgoblins
  3 quokkas
  4 bats
  14 kobolds
  A rat (D:1)
675 creatures vanquished.

Vanquished Creatures (collateral kills)
  A boulder beetle (D:10)
  4 death yaks (Lair:6)
  2 cane toads (Lair:6)
  2 hornets (Lair:6)
  A redback (Lair:6)
  A wraith (D:11)
  A wyvern (Lair:6)
  A yak (D:11)
  3 water moccasins (Lair:6)
  An orc wizard (D:10)
  2 foxfires
19 creatures vanquished.

Vanquished Creatures (others)
  A wolf spider (Lair:6)
  A bat (D:1)
  A rat (D:1)
  894 foxfires
  42 fungi
  85 plants
  5 withered plants (D:10)
1029 creatures vanquished.

Grand Total: 1723 creatures vanquished

Notes
Turn   | Place    | Note
-------+----------+-------------------------------------------
     0 | D:1      | nxtlvl the Formicid Fire Elementalist began the quest for
                  | the Orb.
     0 | D:1      | Reached XP level 1. HP: 13/13 MP: 3/3
    24 | D:1      | Reached skill level 1 in Conjurations
   138 | D:1      | Reached XP level 2. HP: 19/19 MP: 0/5
   270 | D:2      | Found a faded altar of an unknown god.
   307 | D:2      | Reached XP level 3. HP: 22/24 MP: 0/6
   410 | D:3      | Learned a level 1 spell: Magic Dart
   413 | D:3      | Learned a level 2 spell: Searing Ray
   513 | D:3      | Found a sparkling altar of Nemelex Xobeh.
   526 | D:3      | Reached XP level 4. HP: 19/30 MP: 1/8
   584 | D:3      | Found a snail-covered altar of Cheibriados.
   584 | D:3      | Found a blossoming altar of Fedhas.
   589 | D:3      | Became a worshipper of Cheibriados the Contemplative
   680 | D:3      | Noticed Grinder
   733 | D:4      | Learned a level 4 spell: Sticky Flame
   784 | D:4      | Found a staircase to the Ecumenical Temple.
   845 | D:4      | Noticed a black bear
   859 | D:4      | Reached XP level 5. HP: 20/35 MP: 4/9
   903 | D:4      | Killed a black bear
   904 | D:4      | Reached XP level 6. HP: 31/41 MP: 2/10
   961 | D:5      | Entered Level 5 of the Dungeon
  1044 | D:5      | Found a shadowy altar of Dithmenos.
  1156 | D:5      | HP: 1/41 [iguana (3)]
  1270 | D:4      | Noticed an ogre
  1283 | D:4      | Reached skill level 5 in Fire Magic
  1316 | D:4      | Killed an ogre
  1317 | D:4      | Reached XP level 7. HP: 28/46 MP: 5/12
  1380 | D:3      | Killed Grinder
  1489 | D:4      | Found Zogati's Magic Scroll Boutique.
  1495 | D:4      | Got Sif Muna's Collected Works on Twisted Heat
  1495 | D:4      | Reached * piety under Cheibriados
  1607 | D:5      | Reached XP level 8. HP: 52/52 MP: 8/14
  1671 | D:5      | Noticed Pikel
  1683 | D:5      | Killed Pikel
  1684 | D:5      | Reached skill level 5 in Conjurations
  1910 | D:6      | Reached skill level 5 in Spellcasting
  1917 | D:6      | Learned a level 5 spell: Fireball
  1924 | D:6      | Reached XP level 9. HP: 55/57 MP: 12/16
  2118 | D:6      | Found a burning altar of Makhleb.
  2154 | D:6      | Reached ** piety under Cheibriados
  2159 | D:6      | Found an opulent altar of Gozag.
  2231 | D:7      | Noticed Menkaure
  2243 | D:7      | Killed Menkaure
  2255 | D:7      | Noticed Duvessa
  2269 | D:7      | Killed Duvessa
  2273 | D:7      | Noticed Dowan
  2276 | D:7      | Killed Dowan
  2496 | D:7      | Reached XP level 10. HP: 54/63 MP: 16/19
  2539 | D:7      | Identified the ring of Lyteec {*Slow Fly rElec rCorr Dex+4}
  2551 | D:7      | Noticed Icepheonix32's ghost (novice DsFi)
  2572 | D:7      | Found a transporter.
  2572 | D:7      | Found a transporter.
  2822 | D:8      | Noticed a two-headed ogre
  2828 | D:8      | Killed a two-headed ogre
  2846 | D:8      | Reached *** piety under Cheibriados
  2861 | D:8      | Noticed an orange crystal statue
  2970 | D:8      | Identified the ring "Yfiuw" {rC+ rN+ Str+4 Dex-3}
  3229 | D:9      | Reached skill level 1 in Maces & Flails
  3354 | D:9      | Reached skill level 1 in Fighting
  3354 | D:9      | Reached skill level 1 in Invocations
  3468 | D:9      | Reached **** piety under Cheibriados
  3583 | D:9      | Identified a scroll of acquirement
  3584 | D:9      | Acquired a staff of fire
  3692 | D:9      | Acquired a +2 tower shield of fire resistance
  3775 | D:10     | Entered Level 10 of the Dungeon
  3843 | D:10     | Reached skill level 1 in Shields
  3843 | D:10     | Reached skill level 10 in Fire Magic
  3843 | D:10     | Reached XP level 11. HP: 70/72 MP: 14/21
  3874 | D:10     | Found a bloodstained altar of Trog.
  3935 | D:10     | Found a glowing silver altar of Zin.
  3957 | D:10     | Found a glowing golden altar of the Shining One.
  3979 | D:10     | Found an ancient bone altar of Kikubaaqudgha.
  4032 | D:10     | Reached skill level 2 in Shields
  4193 | D:10     | Found a stormy altar of Qazlal.
  4208 | D:10     | Reached skill level 3 in Shields
  4254 | D:10     | Noticed a centaur warrior
  4265 | D:10     | Killed a centaur warrior
  4357 | D:10     | Noticed a fire giant
  4434 | D:10     | Reached ***** piety under Cheibriados
  4479 | D:10     | Found a staircase to the Orcish Mines.
  4572 | D:11     | Noticed a cyclops
  4594 | D:11     | Noticed a cyclops
  4594 | D:11     | Noticed a two-headed ogre
  4594 | D:11     | Noticed a boulder beetle
  4623 | D:9      | Noticed a manticore
  4669 | D:7      | Noticed Grum
  4703 | D:7      | Killed Grum
  4704 | D:7      | Reached skill level 4 in Shields
  4710 | D:7      | Killed Icepheonix32's ghost
  4738 | D:7      | Got Tana's Collected Works on Gliding Beguiling
  4870 | D:10     | Killed a two-headed ogre
  4875 | D:10     | Killed a boulder beetle
  4876 | D:10     | Reached XP level 12. HP: 67/83 MP: 3/23
  5021 | D:11     | Reached skill level 5 in Maces & Flails
  5051 | D:11     | Reached skill level 5 in Shields
  5196 | D:11     | Found a staircase to the Lair.
  5221 | D:11     | Noticed Harold
  5232 | D:11     | Killed Harold
  5261 | D:11     | Noticed a sphinx
  5267 | D:11     | Killed a sphinx
  5268 | D:11     | Reached skill level 6 in Shields
  5268 | D:11     | Reached skill level 10 in Conjurations
  5328 | Lair:1   | Entered Level 1 of the Lair of Beasts
  5357 | Lair:1   | Reached skill level 1 in Armour
  5391 | Lair:1   | Found a frozen archway.
  5410 | IceCv    | Entered an ice cave
  5416 | IceCv    | Reached skill level 5 in Invocations
  5425 | IceCv    | Found a transporter.
  5434 | IceCv    | Found a transporter.
  5622 | Lair:1   | Reached skill level 5 in Fighting
  5622 | Lair:1   | Reached XP level 13. HP: 47/91 MP: 2/25
  5628 | Lair:1   | Reached skill level 7 in Shields
  5754 | Lair:2   | Identified the +2 scale mail of Weerph {rF+ rN+ Stlth+}
  5904 | Lair:2   | Found a staircase to the Shoals.
  6045 | Lair:3   | Learned a level 3 spell: Inner Flame
  6049 | Lair:3   | Learned a level 3 spell: Conjure Flame
  6051 | Lair:3   | Learned a level 1 spell: Apportation
  6054 | Lair:3   | Learned a level 2 spell: Wereblood
  6133 | Lair:3   | Noticed a seven-headed hydra
  6137 | Lair:3   | Killed a seven-headed hydra
  6462 | Lair:4   | Reached skill level 8 in Shields
  6511 | Lair:4   | Noticed a four-headed hydra
  6516 | Lair:4   | Killed a four-headed hydra
  6612 | Lair:4   | Found a hole to the Spider Nest.
  6707 | Lair:5   | Reached skill level 5 in Armour
  6710 | Lair:6   | Entered Level 6 of the Lair of Beasts
  6710 | Lair:6   | Noticed Nessos
  6710 | Lair:6   | Found a staircase to the Slime Pits.
  6932 | Lair:6   | Noticed a catoblepas
  6939 | Lair:6   | Killed a catoblepas
  6997 | Lair:6   | Reached skill level 9 in Shields
  7080 | Lair:6   | Noticed a six-headed hydra
  7086 | Lair:6   | Killed a six-headed hydra
  7096 | Lair:6   | Reached ****** piety under Cheibriados
  7105 | Lair:6   | Reached XP level 14. HP: 97/101 MP: 12/27
  7245 | Lair:6   | Reached skill level 10 in Shields
  7310 | Lair:6   | Killed Nessos
  7595 | Lair:6   | Identified the +6 hand axe "Mukk" {freeze, Int+4}
  7847 | Orc:1    | Entered Level 1 of the Orcish Mines
  7874 | Orc:2    | Entered Level 2 of the Orcish Mines
  7874 | Orc:2    | Found a staircase to the Elven Halls.
  8212 | Orc:2    | Found Ymeugize's General Store.
  8213 | Orc:2    | Found Cavoddor's General Store.
  8276 | Orc:2    | Reached skill level 11 in Shields
  8456 | Orc:2    | Reached skill level 10 in Maces & Flails
  8589 | Orc:2    | Reached XP level 15. HP: 104/110 MP: 17/28
  8671 | Orc:2    | Found Wonacsor's Book Shop.
  8671 | Orc:2    | Found Vaunugg's Antique Weapon Boutique.
  8672 | Orc:2    | Found a one-way gate leading to the halls of Pandemonium.
  8713 | Orc:2    | Bought a scroll of vulnerability for 112 gold pieces
  8715 | Orc:2    | Bought a scroll of fog for 32 gold pieces
  8715 | Orc:2    | Bought a +1 pair of gloves of archery for 264 gold pieces
  8715 | Orc:2    | Bought a scroll of identify for 32 gold pieces
  8924 | Orc:1    | Noticed Gastronok
  8932 | Orc:1    | Killed Gastronok
  9173 | D:12     | Found Fibriax's Magic Scroll Shoppe.
  9182 | D:12     | Reached skill level 12 in Shields
  9402 | D:12     | Identified the +7 falchion "Veuclops" {vorpal, Fly rPois
                  | Str+3 Dex-3}
  9606 | Spider:1 | Entered Level 1 of the Spider Nest
  9617 | Spider:1 | Reached skill level 10 in Armour
  9891 | Spider:2 | Noticed an emperor scorpion
  9903 | Spider:2 | Killed an emperor scorpion
 10024 | Spider:3 | Reached skill level 13 in Shields
 10041 | Spider:3 | Learned a level 2 spell: Sublimation of Blood
 10063 | Spider:3 | Reached XP level 16. HP: 102/120 MP: 23/29
 10101 | Spider:3 | Got the Compendium of Flamy Confrontation
 10190 | Spider:3 | Reached skill level 1 in Necromancy
 10190 | Spider:3 | Reached skill level 1 in Transmutations
 10270 | Spider:4 | Entered Level 4 of the Spider Nest
 10990 | Spider:4 | Reached skill level 14 in Shields
 10991 | Spider:4 | Reached XP level 17. HP: 127/127 MP: 10/30
 11011 | Spider:4 | Reached skill level 10 in Fighting
 11092 | Spider:4 | Got a gossamer rune of Zot
 11594 | D:13     | Noticed Frances
 11612 | D:13     | Killed from afar by Frances

Illustrated notes

Levels and vault maps discovered:
D:1:      lightli_iron_boxes, layout_basic, lemuel_flame_loot_1
D:2:      layout_basic, shapermc_ecumenical_altar_venn
D:3:      layout_rooms, mainiacjoe_overflow_paths,
          gammafunk_temple_overflow_statue, kennysheep_cross_bottleneck,
          uniq_grinder
D:4:      layout_loops_cross, okawaru_altar_gauntlet_db,
          minmay_temple_entry_gardened_gates, serial_shops, shop,
          minmay_misc_feat_rows
D:5:      layout_basic, lemuel_round_altar, uniq_pikel, uniq_sigmund
D:6:      layout_loops_ring, lightli_temple_of_fire, grunt_gozag_statues
D:7:      layout_cave_pools, gammafunk_ghost_gnarly_gnolls,
          minmay_misc_feat_rugged, uniq_duvessa, uniq_menkaure
D:8:      statuecave_lemuel, layout_gridville, serial_glass, glass_columns_b,
          glass_columns_b
D:9:      kennysheep_spiral_hall, layout_stronghold
D:10:     layout_roguey, kiku_gazebo_garden_becter, kennysheep_mini_moat,
          lemuel_doored_altar, mainiacjoe_overflow_two_lobes, david_orc_4,
          minmay_three_doors
D:11:     layout_big_octagon, minmay_lair_entry_grove, kennysheep_just_a_vault,
          uniq_harold
D:12:     layout_basic, serial_shops, nicolae_square_shop
D:13:     due_megacathedral, layout_cave_pools, gauntlet_entry_generic,
          uniq_frances
Lair:1:   wander_river, layout_cave_pods, portal_ice_cave_entry_pillars_2,
          hangedman_lair_unloving_vines
Lair:2:   layout_chaotic_city, minmay_shoals_entry_lonely_mermaid
Lair:3:   layout_concentric_octagons, chequers_serial_rivers_small_3
Lair:4:   layout_regular_city, spider_nest_entry_rubble, grunt_megastairs_2
Lair:5:   layout_small_grid, disabler_island
Lair:6:   hangedman_lair_tendril_chambers, layout_regular_city, slime_altar_1,
          lemuel_fruit_fields, uniq_nessos
Spider:1: layout_chambers, nicolae_spider_jagged_tunnels
Spider:2: layout_spider_delve, hangedman_spider_tarantella_strand
Spider:3: layout_spider_delve, nicolae_spider_claw_tunnel,
          nicolae_spider_cling_halls
Spider:4: spider_rune_water, drop_trap
Orc:1:    layout_diamond_mine, basic_altar, mines2_david, uniq_gastronok
Orc:2:    pf_orc_diabolical, layout_diamond_mine

Skill      XL: |  1  2  3  4  5  6  7  8  9 10 11 12 13 14 15 16 17 |
---------------+----------------------------------------------------+-----
Conjurations   | 1 2 3 4 6 7 8 9 10 | 10.0
Fire Magic     | 4 5 6 7 8 10 11 12 13 | 13.5
Spellcasting   | 3 4 5 6 7 8 9 |  9.6
Maces & Flails | 2 4 6 8 10 11 12 | 12.6
Fighting       | 2 3 5 6 7 9 10 | 10.1
Invocations    | 2 4 5 6 |  6.0
Shields        | 1 4 6 9 11 13 14 | 14.3
Armour         | 2 6 8 10 11 12 | 12.2
Necromancy     | 3 |  3.8
Transmutations | 2 |  2.0
Dodging        | 3 |  3.8
Stealth        | |  2.4

Action                   |  1- 3 |  4- 6 |  7- 9 | 10-12 | 13-15 | 16-18 || total
-------------------------+-------+-------+-------+-------+-------+-------++-------
Melee: Unarmed           |     3 |       |       |       |       |       ||     3
       Quarterstaff      |    13 |     8 |     7 |       |       |       ||    28
       Dire flail        |       |       |     1 |    38 |       |       ||    39
       Great mace        |       |       |       |     5 |   196 |   138 ||   339
       Staff             |       |       |       |       |     1 |       ||     1
Throw: Dart              |    15 |     6 |       |       |       |       ||    21
 Cast: Foxfire           |    46 |    51 |    77 |   143 |   180 |     9 ||   506
       Magic Dart        |       |     4 |    31 |    14 |    14 |     3 ||    66
       Searing Ray       |       |     1 |    27 |    40 |    56 |    20 ||   144
       Sticky Flame      |       |       |     2 |    36 |    78 |    44 ||   160
       Fireball          |       |       |     1 |    36 |    98 |    15 ||   150
       Wereblood         |       |       |       |       |       |     6 ||     6
Invok: Slouch            |       |       |       |     3 |     9 |    18 ||    30
       Bend Time         |       |       |       |     1 |     2 |       ||     3
 Abil: Dig               |     9 |     8 |    12 |    53 |    21 |     7 ||   110
Evoke: Wand              |       |       |     3 |    16 |    24 |     8 ||    51
  Use: Scroll            |       |       |     8 |     9 |    11 |     1 ||    29
       Potion            |       |       |     2 |     4 |     3 |     4 ||    13
 Stab: Sleeping          |       |       |     1 |       |       |       ||     1
       Paralysed         |       |       |       |       |     3 |       ||     3
       Distracted        |       |       |       |       |     1 |     1 ||     2
Armor: Robe              |     5 |     1 |       |       |       |       ||     6
       Skin              |       |       |     7 |       |       |       ||     7
       Ring mail         |       |       |     6 |    53 |       |       ||    59
       Acid dragon scale |       |       |       |    17 |    26 |       ||    43
       Chain mail        |       |       |       |       |    70 |   135 ||   205
Dodge: Dodged            |    24 |    12 |    14 |    84 |    68 |    77 ||   279
Block: Kite shield       |       |       |       |    59 |    43 |       ||   102
       Tower shield      |       |       |       |       |   366 |   334 ||   700
